 Dungeon Crawl Stone Soup version 0.26-a0-1213-gd52f5182fe (webtiles) character file.

Game seed: 14793415458185121527

238 voltaire321 the Insei (level 6, -3/41 HPs)
             Began as an Octopode Transmuter on Dec 30, 2020.
             Was an Initiate of Makhleb.
             Killed from afar by Ijyb (10 damage)
             ... with a bolt of acid
             ... on level 3 of the Dungeon.
             The game lasted 00:07:52 (3558 turns).

voltaire321 the Insei (Octopode Transmuter)         Turns: 3558, Time: 00:07:53

Health: -3/41      AC: -3    Str:  9    XL:     6   Next: 7%
Magic:  9/10       EV: 14    Int: 16    God:    Makhleb [......]
Gold:   127        SH:  0    Dex: 14    Spells: 5/11 levels left

rFire    . . .     SeeInvis .     - Unarmed
rCold    . . .     Faith    .   (no shield)
rNeg     . . .     Spirit   .   (helmet currently unavailable)
rPois    .         Reflect  .   (no amulet)
rElec    .         Harm     .   (no ring)
rCorr    .         Rampage  .   (no ring)
Will     .....                  (no ring)
Stlth    ++........             (no ring)
HPRegen  0.13/turn              (no ring)
MPRegen  0.12/turn              (no ring)
                                (no ring)
                                (no ring)

@: appendages, corroded
A: almost no armour, stealthy swim, amphibious, 8 rings, constrict 8, tentacle
spike 3, camouflage 1, gelatinous body 1
a: End Transformation, Renounce Religion


You were on level 3 of the Dungeon.
You worshipped Makhleb.
Makhleb was noncommittal.
One of your tentacles had a temporary spike.
You visited 1 branch of the dungeon, and saw 3 of its levels.

You collected 127 gold pieces.

Inventory:

Missiles
 i - 16 poisoned darts
Jewellery
 l - a cursed ring of flight {unknown}
Scrolls
 a - a scroll of enchant weapon {unknown}
 b - a scroll of fear
 d - a scroll of immolation
 e - a scroll of fog {unknown}
 j - a scroll of teleportation {unknown}
Potions
 c - a potion of mutation {unknown}
 f - a potion of magic {unknown}
 g - a potion of flight {unknown}
 h - a potion of degeneration {unknown}
 k - 2 potions of heal wounds {unknown}
 m - a potion of lignification {unknown}


   Skills:
 + Level 2.4 Fighting
 + Level 3.1 Dodging
 + Level 3.9 Unarmed Combat
 + Level 3.1 Spellcasting
 + Level 3.1 Transmutations
 + Level 0.7 Poison Magic
 + Level 0.6 Invocations


You had 5 spell levels left.
You knew the following spells:

 Your Spells              Type           Power        Failure   Level
a - Beastly Appendage     Tmut           24%          5%          1
b - Wereblood             Tmut           12%          8%          2
c - Spider Form           Tmut/Pois      4%           26%         3

Your spell library contained the following spells:

 Spells                   Type           Power        Failure   Level
 Ice Form                 Ice/Tmut       7%           67%         4
 Blade Hands              Tmut           6%           82%         5


Dungeon Overview and Level Annotations

Branches:
Dungeon (3/15)

Altars:
Makhleb

Annotations:
D:3 Ijyb


Innate Abilities, Weirdness & Mutations

You cannot wear most types of armour.
You are very stealthy in the water. (Stealth+)
You are amphibious.
You can wear up to eight rings at the same time.
You can use your tentacles to constrict eight enemies at once.
Your skin changes colour to match your surroundings (Stealth+).
Your rubbery body absorbs attacks. (AC +1, EV +1)
One of your tentacles bears a large vicious spike.


Message History

Makhleb accepts your kill.
You have reached level 6!
Your experience leads to an increase in your attributes!
Increase (S)trength, (I)ntelligence, or (D)exterity?
You feel agile.
k - 2 glowing cyan potions (gained 1)
Things that are here:
a +1 robe of positive energy; the human corpse of Jessica Ijyb the Twisted Goblin comes into view.
She is carrying a wand of acid (10).
Your transformation is almost over.
Your tentacle spike disappears.
A giant cockroach comes into view.
Casting: Beastly Appendage (safe; 5% risk of failure)
Confirm with . or Enter, or press ? or * to list all spells.
One of your tentacles grows a vicious spike.
Ijyb zaps a wand.
The bolt of acid hits you!! The acid corrodes you!
You are splashed with acid!
* * * LOW HITPOINT WARNING * * *
Ijyb zaps a wand.
The bolt of acid hits you!
You die...

.#######.....# #.#
...........#######.#
###.....#......g...#
#.###.#.##########
######### #.#
#.#.##.......#
#.....<.. #.#
#.#.########.#
#.####### ###.#
#..........#.######.#
....#
###.#..#.#g#........#
#####
#.#..#.#@#######..#
#.#..#.#.##### #..#
#.##.#.#...B.# #..#
#....#.####### #..#
######.# #..# #.#
#..# #.#########..#
#............#
###########.########


You could see Ijyb.

Vanquished Creatures
  A hound (D:2)
  Jessica (D:3)
  Natasha (thrice) (D:2)
  Robin (D:3)
  An adder (D:2)
  An ooze (D:3)
  2 worms (D:2)
  4 dart slugs
  A leopard gecko (D:1)
  An orc (D:2)
  A ball python (D:1)
  2 giant cockroaches
  9 goblins (D:3)
  9 hobgoblins
  7 jackals (D:1)
  6 kobolds
  8 bats
  2 frilled lizards
  11 rats
71 creatures vanquished.

Vanquished Creatures (others)
  2 plants (D:1)
2 creatures vanquished.

Grand Total: 73 creatures vanquished

Notes
Turn   | Place    | Note
-------+----------+-------------------------------------------
     0 | D:1      | voltaire321 the Octopode Transmuter began the quest for the
                  | Orb.
     0 | D:1      | Reached XP level 1. HP: 13/13 MP: 3/3
   164 | D:1      | Reached XP level 2. HP: 14/18 MP: 3/5
   718 | D:1      | Reached XP level 3. HP: 21/23 MP: 4/6
  1480 | D:2      | Noticed Natasha
  1492 | D:2      | Reached XP level 4. HP: 19/29 MP: 5/7
  1496 | D:2      | Killed Natasha
  1947 | D:2      | Found a faded altar of an unknown god.
  2110 | D:2      | Noticed Natasha
  2139 | D:2      | Killed Natasha
  2140 | D:2      | Reached XP level 5. HP: 8/34 MP: 6/9
  2406 | D:2      | Found a burning altar of Makhleb.
  2458 | D:2      | Became a worshipper of Makhleb the Destroyer
  2481 | D:2      | Learned a level 2 spell: Wereblood
  2485 | D:2      | Learned a level 3 spell: Spider Form
  2507 | D:2      | Noticed Natasha
  2516 | D:2      | Killed Natasha
  3051 | D:3      | Noticed Robin
  3053 | D:3      | Noticed Jessica
  3097 | D:3      | Killed Robin
  3137 | D:3      | HP: 1/35 [goblin/+0 dagger[Robin] (1)]
  3513 | D:3      | Killed Jessica
  3514 | D:3      | Reached XP level 6. HP: 38/41 MP: 10/10
  3515 | D:3      | Noticed Ijyb
  3558 | D:3      | Killed from afar by Ijyb

Illustrated notes

Levels and vault maps discovered:
D:1:      roderic_crop_circles_arrival_small, layout_basic,
          kennysheep_minor_cross
D:2:      layout_basic, chequers_ecumenical_altar_simple_redux,
          makhleb_heckhound_becter, uniq_natasha
D:3:      layout_basic, uniq_robin, uniq_jessica, uniq_sigmund, uniq_ijyb

Skill      XL: |  1  2  3  4  5 |
---------------+----------------+-----
Fighting       | 2 |  2.4
Dodging        | 3 |  3.1
Transmutations | 3 |  3.1
Spellcasting   | 3 |  3.1
Unarmed Combat | |  3.9
Poison Magic   | |  0.7
Invocations    | |  0.6

Action                   |  1- 3 |  4- 6 || total
-------------------------+-------+-------++-------
Melee: Unarmed           |    81 |    80 ||   161
       Constrict         |    23 |    24 ||    47
       Kick              |    24 |    20 ||    44
       Tentacles         |    10 |    12 ||    22
       Punch             |     2 |     3 ||     5
 Cast: Beastly Appendage |    23 |    18 ||    41
  Use: Scroll            |       |     2 ||     2
 Stab: Sleeping          |     3 |     1 ||     4
Armor: Skin              |    10 |     5 ||    15
Dodge: Dodged            |    71 |    40 ||   111

Table legend: (Time is in decaauts)
 A = Elapsed time spent in this place.
 B = Non-inter-level travel time spent in this place.
 C = Inter-level travel time spent in this place.
 D = Time resting spent in this place.
 E = Time spent auto-exploring this place.
 F = Levels seen in this place.
 G = Mean time per level.
                   A        B        C        D        E       F      G
               +--------+--------+--------+--------+--------+-----+--------+
         Total |   3557 |   3538 |     19 |   1592 |   1042 |   3 | 1185.7 |
       Dungeon |   3557 |   3538 |     19 |   1592 |   1042 |   3 | 1185.7 |
               +--------+--------+--------+--------+--------+-----+--------+

Top non-repeatable levels by time:
     D:1: 1614 daAuts
     D:2: 1206 daAuts
     D:3: 736 daAuts
